 Dungeon Crawl Stone Soup version 0.19.1 (webtiles) character file.

4050 ChaseSP the Carver (level 10, -1/71 HPs)
             Began as a Formicid Fighter on Dec 2, 2016.
             Was a Follower of Qazlal.
             Slain by an orc warrior
             ... wielding a +0 halberd
              (14 damage)
             ... on level 9 of the Dungeon.
             The game lasted 00:15:03 (9820 turns).

ChaseSP the Carver (Formicid Fighter)               Turns: 9820, Time: 00:15:03

Health: -1/71      AC: 14    Str: 19 (21) XL:     10   Next: 48%
Magic:  10/10      EV:  5    Int:  7 (8)  God:    Qazlal [*.....]
Gold:   522        SH: 13    Dex: 13      Spells: 0 memorised, 9 levels left

rFire  . . .     SeeInvis +     a - +1 long sword
rCold  . . .     Gourm    +     t - +0 plate armour
rNeg   . . .     Faith    .     c - +0 shield
rPois  +         Spirit   .     (helmet unavailable)
rElec  .         Reflect  .     (no cloak)
rCorr  .         Harm     .     q - +0 pair of gloves
MR     ++...                    B - +0 pair of boots
Stlth  ..........               x - amulet of the gourmand
                                M - ring of poison resistance
                                o - ring of protection from magic

@: no status effects
A: permanent stasis, dig shafts and tunnels, four strong arms, antennae 3
a: Dig, Shaft Self, Renounce Religion


You were on level 9 of the Dungeon.
You worshipped Qazlal.
Qazlal was aware of your devotion.
You were very full.

You visited 2 branches of the dungeon, and saw 10 of its levels.

You collected 522 gold pieces.

Inventory:

Hand Weapons
 a - a +1 long sword (weapon)
 d - a +0 hand crossbow
 p - the +3 rapier "Souch" {speed, MR+ Int+2, unknown}
   (You found it on level 5 of the Dungeon)

   Attacks with this weapon are significantly faster.
   It affects your intelligence (+2).
   It affects your resistance to hostile enchantments.
 D - a +0 flail
Missiles
 y - 34 bolts
Armour
 c - a +0 shield (worn)
 q - a +0 pair of gloves (worn)
 s - a +0 chain mail
 t - a +0 plate armour (worn)
 B - a +0 pair of boots (worn)
Jewellery
 k - an uncursed ring of flight
 o - a ring of protection from magic (left hand)
 x - an amulet of the gourmand (around neck)
 M - a ring of poison resistance (right hand)
 Q - an uncursed ring of protection from magic
Wands
 j - a wand of flame (38/48)
 K - a wand of digging (15/24)
 P - a wand of paralysis (15/24)
Scrolls
 e - 2 scrolls of teleportation
 i - 5 scrolls of recharging
 l - a scroll of amnesia
 I - a scroll of enchant armour {unknown}
 J - 2 scrolls of random uselessness {unknown}
 O - 4 scrolls of noise {unknown}
 R - a scroll of fear
Potions
 h - a potion of lignification
 v - 4 potions of flight
 C - 2 potions of resistance
 G - 3 potions of haste
 N - a potion of curing
Books
 n - a book of Misfortune

   Spells                             Type                      Level
   a - Confusing Touch                Hexes                        1
   b - Confuse                        Hexes                        3
   c - Gell's Gravitas                Hexes/Translocation          3
   d - Petrify                        Transmutation/Earth          4
   e - Metabolic Englaciation         Hexes/Ice                    5
   f - Yara's Violent Unravelling     Hexes/Transmutation          5
 E - a book of Geomancy

   Spells                             Type                      Level
   a - Sandblast                      Earth                        1
   b - Passwall                       Transmutation/Earth          2
   c - Stone Arrow                    Conjuration/Earth            3
   d - Petrify                        Transmutation/Earth          4
   e - Lee's Rapid Deconstruction     Earth                        5
 H - a book of Air

   Spells                             Type                      Level
   a - Shock                          Conjuration/Air              1
   b - Swiftness                      Charms/Air                   2
   c - Repel Missiles                 Charms/Air                   2
   d - Static Discharge               Conjuration/Air              3
   e - Lightning Bolt                 Conjuration/Air              5
 S - a book of Cantrips

   Spells                             Type                      Level
   a - Confusing Touch                Hexes                        1
   b - Animate Skeleton               Necromancy                   1
   c - Summon Small Mammal            Summoning                    1
   d - Apportation                    Translocation                1
Comestibles
 b - a royal jelly
 f - 8 bread rations
 g - 11 fruits
 u - 4 meat rations
 w - 2 beef jerkies


   Skills:
 + Level 4.1 Fighting
 * Level 12.3 Long Blades
 + Level 3.8 Armour
 - Level 9.1 Shields


You had 9 spell levels left.
You didn't know any spells.

Dungeon Overview and Level Annotations

Branches:
Dungeon (9/15)             Temple (1/1) D:6            Lair (0/6) D:9
    Orc: D:9-12

Altars:
Ashenzari
Dithmenos
Elyvilon
Fedhas
Gozag
Hepliaklqana
Kikubaaqudgha
Makhleb
Nemelex Xobeh
Okawaru
Qazlal
Ru
Sif Muna
Trog
Uskayaw
Xom
Yredelemnul
Zin
The Shining One
Jiyva

Shops:
D:6 *


Innate Abilities, Weirdness & Mutations

You are under a permanent stasis effect.
You can dig through walls and to a lower floor.
Your four strong arms can wield two-handed weapons with a shield.
You have a pair of large antennae on your head. (SInv)


Message History

The orc warrior hits you but does no damage.
You block the orc warrior's attack.
Things that are here:
a flail; a club The orc warrior hits you with a halberd.
You hit the orc warrior but do no damage.
The orc warrior hits you with a halberd!
* * * LOW HITPOINT WARNING * * *
You hit the orc warrior.
The orc warrior is lightly wounded.
You closely miss the orc warrior.
The orc warrior is lightly wounded.
The orc warrior hits you with a halberd!
* * * LOW HITPOINT WARNING * * *
You hit the orc warrior but do no damage.
The orc warrior is lightly wounded.
You hit the orc warrior but do no damage.
The orc warrior is lightly wounded.
The orc warrior hits you with a halberd!
You die...

...# #.# #.....≈≈≈≈≈≈≈ #.. #.#
#.....≈≈≈≈≈≈≈ ##.## #.#
###.#...≈≈≈≈≈≈≈ ##...###.#
#>#.#...≈≈≈≈≈≈≈
##.....##.###.......≈≈≈≈≈≈≈
###.......#...{...#...≈≈≈≈≈≈≈
#....._.....##{##.#....≈≈≈≈≈≈
#.#.......#.###o#.#....≈≈≈≈≈≈
.##.....##.##@##{#....≈≈≈≈≈≈
..##...###.#####.#....≈≈≈≈≈≈
#.###.## #.# #.l....≈≈≈≈≈≈
#.##..# #.......#....≈≈≈≈≈≈
####.##.#####.#####.#....≈≈≈≈≈≈
..............# #.#.Y..≈≈≈≈≈≈
####.########)# #.#....≈≈≈≈≈≈
#.# #.#l...≈≈≈≈≈≈ #.#
#.#....≈≈≈≈≈≈


You could see an orc warrior.

Vanquished Creatures
  Joseph (D:7)
  A hippogriff (D:7)
  A spriggan (D:8)
  Sigmund (D:3)
  The ghost of Midelne the Slasher, an amateur DrFi (D:4)
  Menkaure (D:5)
  A water moccasin (D:6)
  A black bear (D:6)
  A sky beast (D:8)
  5 ice beasts (D:9)
  4 ogres
  An orc warrior (D:7)
  A phantom (D:4)
  A centaur (D:8)
  A crocodile (D:8)
  2 scorpions
  4 wights (D:7)
  A howler monkey (D:8)
  6 crimson imps
  2 hounds (D:7)
  6 jellies
  4 orc priests
  4 orc wizards
  A bullfrog skeleton (D:5)
  Jessica (D:3)
  2 iguanas (D:8)
  Terence (D:3)
  6 worker ants
  2 hound zombies
  A hound skeleton (D:7)
  A worker ant zombie (D:8)
  3 gnolls (D:3)
  9 adders
  A shadow imp (D:8)
  3 worms
  A dart slug (D:1)
  6 leopard geckos
  28 orcs
  4 giant cockroaches
  5 goblins
  6 hobgoblins
  16 jackals
  12 kobolds
  2 quokkas
  4 bats
  7 frilled lizards
  A jackal skeleton (D:6)
  A quokka skeleton (D:4)
  7 rats
182 creatures vanquished.

Notes
Turn   | Place    | Note
-------+----------+-------------------------------------------
     0 | D:1      | ChaseSP the Formicid Fighter began the quest for the Orb.
     0 | D:1      | Reached XP level 1. HP: 18/18 MP: 1/1
    24 | D:1      | You fall through a shaft!
    41 | D:2      | Reached XP level 2. HP: 14/24 MP: 2/2
   350 | D:2      | Reached skill level 3 in Long Blades
   352 | D:2      | Found a basalt altar of Yredelemnul.
   590 | D:1      | Reached XP level 3. HP: 29/29 MP: 3/3
  1736 | D:2      | Reached skill level 4 in Long Blades
  1736 | D:2      | Reached XP level 4. HP: 34/35 MP: 4/4
  2147 | D:3      | Reached XP level 5. HP: 41/41 MP: 5/5
  2178 | D:3      | Noticed Jessica
  2189 | D:3      | Killed Jessica
  2189 | D:3      | Reached skill level 5 in Long Blades
  2270 | D:3      | Noticed Sigmund
  2292 | D:3      | Killed Sigmund
  2292 | D:3      | Reached skill level 6 in Long Blades
  2292 | D:3      | Reached XP level 6. HP: 16/47 MP: 6/6
  2700 | D:3      | Noticed an ogre
  2710 | D:3      | Killed an ogre
  2710 | D:3      | Reached skill level 7 in Long Blades
  2710 | D:3      | Reached XP level 7. HP: 21/52 MP: 7/7
  2989 | D:3      | Noticed Terence
  3008 | D:3      | Killed Terence
  3357 | D:4      | Found a sparkling altar of Nemelex Xobeh.
  3822 | D:4      | Reached skill level 8 in Long Blades
  4042 | D:4      | Found an ancient bone altar of Kikubaaqudgha.
  4194 | D:4      | Found a shimmering altar of Xom.
  4256 | D:4      | Reached XP level 8. HP: 56/58 MP: 8/8
  4639 | D:4      | Noticed Midelne's ghost (amateur DrFi)
  4665 | D:4      | Killed Midelne's ghost
  4665 | D:4      | Reached skill level 9 in Long Blades
  4665 | D:4      | Reached skill level 5 in Shields
  4716 | D:5      | Entered Level 5 of the Dungeon
  5037 | D:5      | Got a translucent rapier
  5074 | D:5      | Noticed Menkaure
  5085 | D:5      | Killed Menkaure
  5434 | D:5      | Found a shimmering altar of Xom.
  5525 | D:5      | Found a shadowy altar of Dithmenos.
  5681 | D:6      | Found a basalt altar of Yredelemnul.
  5681 | D:6      | Found Fuibluitz's Profane Products.
  5718 | D:6      | Found a staircase to the Ecumenical Temple.
  5787 | Temple   | Entered the Ecumenical Temple
  5833 | Temple   | Became a worshipper of Qazlal Stormbringer
  5914 | D:6      | Reached XP level 9. HP: 45/64 MP: 9/9
  6138 | D:6      | Reached skill level 10 in Long Blades
  6583 | D:6      | Found a shattered altar of Ashenzari.
  6778 | D:7      | Noticed a hippogriff
  6814 | D:7      | Killed a hippogriff
  6815 | D:7      | HP: 3/64 [wight/dire flail (2)]
  7095 | D:7      | Found a white marble altar of Elyvilon.
  7096 | D:7      | Found a glowing golden altar of the Shining One.
  7097 | D:7      | Found a glowing silver altar of Zin.
  7315 | D:7      | Found a blossoming altar of Fedhas.
  7353 | D:7      | Reached * piety under Qazlal
  7369 | D:7      | Reached skill level 11 in Long Blades
  7370 | D:7      | Found a hazy altar of Hepliaklqana.
  7475 | D:7      | Noticed Joseph
  7519 | D:7      | Killed Joseph
  8319 | D:8      | Reached XP level 10. HP: 67/70 MP: 10/10
  8438 | D:8      | Found a viscous altar of Jiyva.
  8923 | D:8      | Reached skill level 12 in Long Blades
  9420 | D:8      | Gained mutation: Your flesh is cold resistant. (rC+) [mutagenic meat]
  9421 | D:8      | Gained mutation: Your mind is acute. (Int +2) [mutagenic meat]
  9422 | D:8      | Gained mutation: Your body sometimes deteriorates upon taking damage. [mutagenic meat]
  9423 | D:8      | Lost mutation: Your flesh is cold resistant. (rC+) [mutagenic meat]
  9424 | D:8      | Gained mutation: You are clumsy. (Dex -2) [mutagenic meat]
  9474 | D:8      | Lost mutation: Your body sometimes deteriorates upon taking damage. [potion of cure mutation]
  9474 | D:8      | Lost mutation: You are clumsy. (Dex -2) [potion of cure mutation]
  9474 | D:8      | Lost mutation: Your mind is acute. (Int +2) [potion of cure mutation]
  9681 | D:9      | Found a hide-covered altar of Uskayaw.
  9691 | D:9      | Found a staircase to the Lair.
  9796 | D:9      | Noticed a komodo dragon
  9820 | D:9      | Slain by an orc warrior

Skill      XL: |  1  2  3  4  5  6  7  8  9 10 |
---------------+-------------------------------+-----
Long Blades    | 3 4 6 7 8 9 11 12 | 12.3
Shields        | 4 6 8 9 |  9.1
Fighting       | 4 |  4.1
Armour         | |  3.8

Action                   |  1- 3 |  4- 6 |  7- 9 | 10-12 || total
-------------------------+-------+-------+-------+-------++-------
Melee: Long sword        |   107 |   205 |   509 |   167 ||   988
 Abil: Dig               |       |     2 |     2 |     1 ||     5
  Use: Scroll            |       |       |    15 |       ||    15
       Potion            |       |       |     5 |     6 ||    11
  Eat: Chunk             |     3 |     4 |    31 |     9 ||    47
Armor: Scale mail        |    16 |       |       |       ||    16
       Chain mail        |    43 |   152 |   151 |       ||   346
       Plate armour      |       |       |    70 |    36 ||   106
       Skin              |       |       |    11 |       ||    11
Dodge: Dodged            |    34 |    46 |    90 |    28 ||   198
Block: Shield            |    61 |   141 |   243 |    86 ||   531
       Rpst.: Long sword |    13 |    11 |    32 |     7 ||    63
